 Dungeon Crawl Stone Soup version 0.31-a0-965-g8a8ce12e04 (webtiles) character file.

Game seed: 8617131657216386505

3661 IdlyInterested the Fighter (level 9, -1/87 HPs)
             Began as a Demonspawn Gladiator on Oct 26, 2023.
             Slain by an ogre zombie
             ... wielding a +0 giant club of venom
              (18 damage)
             ... on level 7 of the Dungeon.
             The game lasted 00:19:47 (6095 turns).

IdlyInterested the Fighter (Demonspawn Gladiator)   Turns: 6095, Time: 00:19:47

Health: -1/87      AC: 13    Str: 18    XL:     9   Next: 89%
Magic:  9/9        EV: 18    Int:  9    God:
Gold:   631        SH:  5    Dex: 14    Spells: 8/8 levels left

rFire   . . .        B - +2 quarterstaff (chaos)
rCold   . . .        (shield currently unavailable)
rNeg    . . .        G - +3 leather armour
rPois   +            (helmet unavailable)
rElec   .            A - +0 cloak
rCorr   .            (no gloves)
SInv    .            h - +2 pair of boots
Will    .....        f - amulet of reflection
Stlth   +            O - +5 ring of evasion
HPRegen 0.34/turn    s - ring of poison resistance
MPRegen 0.11/turn

%: reflection
@: mighty, attractive
A: horns 3, rugged brown scales 2, clumsy 1, deterioration 1
a: no special abilities


You were on level 7 of the Dungeon.
You visited 2 branches of the dungeon, and saw 8 of its levels.

You collected 721 gold pieces.
You spent 90 gold pieces at shops.

Inventory:

Hand Weapons
 n - a +0 short sword
 r - a +1 dagger of venom
 t - a +0 whip of freezing
 w - a +1 spear of venom
 B - a +2 quarterstaff of chaos (weapon)
 E - a +0 spear
 K - a +0 war axe
 M - a +2 halberd of flaming
 Q - a +0 lajatang
 R - a +3 falchion
 S - a +0 morningstar
 U - a +2 dagger of pain
Missiles
 a - 3 curare-tipped darts
 c - a throwing net
 d - a javelin
 o - 32 stones (quivered)
 y - 4 poisoned darts
 V - a boomerang
Armour
 h - a +2 pair of boots (worn)
 A - a +0 cloak (worn)
 G - a +3 leather armour (worn)
 P - a +0 plate armour
Magical Staves
 v - a staff of poison
Jewellery
 f - an amulet of reflection (around neck)
 l - a ring of flight
 s - a ring of poison resistance (right hand)
 H - an amulet of regeneration
 N - a +6 ring of intelligence
 O - a +5 ring of evasion (left hand)
 T - an amulet of guardian spirit
Wands
 C - a wand of polymorph (7)
 L - a wand of paralysis (14)
Scrolls
 b - 4 scrolls of identify {unknown}
 e - 3 scrolls of fog {unknown}
 m - 4 scrolls of poison {unknown}
 p - 3 scrolls of teleportation {unknown}
 u - a scroll of enchant weapon {unknown}
 x - 2 scrolls of vulnerability {unknown}
 z - 4 scrolls of immolation {unknown}
 I - a scroll of amnesia {unknown}
Potions
 g - 3 potions of curing
 i - a potion of haste {unknown}
 j - a potion of attraction
 k - a potion of invisibility {unknown}
 D - a potion of berserk rage {unknown}
 F - a potion of mutation {unknown}
 J - a potion of heal wounds {unknown}
 W - a potion of resistance


   Skills:
 * Level 12.4 Fighting
 - Level 1.7 Throwing
 - Level 5.0 Armour
 + Level 4.5 Dodging
 - Level 1.0 Stealth
 - Level 2.6 Unarmed Combat
 - Level 1.0 Evocations


You had 8 spell levels left.
You didn't know any spells.
Your spell library contained the following spells:

 Spells                   Type           Power      Damage    Failure   Level
 Apportation              Tloc           0%         N/A       43%         1
 Necrotise                Necr           0%         1d4       43%         1
 Summon Small Mammal      Summ           0%         N/A       43%         1
 Blink                    Tloc           0%         N/A       58%         2
 Lesser Beckoning         Tloc           0%         N/A       58%         2
 Momentum Strike          Conj/Tloc      0%         3d8       58%         2
 Poisonous Vapours        Pois/Air       0%         N/A       58%         2
 Call Canine Familiar     Summ           0%         N/A       82%         3
 Gell's Gravitas          Tloc           0%         N/A       82%         3
 Mephitic Cloud           Conj/Pois/Air  0%         N/A       82%         3
 Summon Guardian Golem    Hex/Summ       0%         N/A       82%         3
 Teleport Other           Tloc           0%         N/A       82%         3
 Freezing Cloud           Conj/Ice/Air   0%         6-21      100%        5
 Dispersal                Tloc           0%         N/A       100%        6


Dungeon Overview and Level Annotations

Branches:
Dungeon (7/15)             Temple (1/1) D:4

Altars:
Ashenzari
Cheibriados
Fedhas
Hepliaklqana
Kikubaaqudgha
Makhleb
Nemelex Xobeh
Okawaru
Qazlal
Ru
Sif Muna
Trog
Uskayaw
Vehumet
Wu Jian
Xom
Yredelemnul

Annotations:
D:7 1 transporter


Innate Abilities, Weirdness & Mutations

You have a pair of large horns on your head.
You are mostly covered in rugged brown scales. (AC +2, +5% HP)
You are clumsy. (Dex -2)
Your body sometimes deteriorates upon taking damage.


Message History

The ogre zombie barely misses you.
The water moccasin bites you but does no damage.
The water moccasin bites you.
You hit the water moccasin but do no damage.
You headbutt the water moccasin!
You kill the water moccasin!
You feel sick. You block the water moccasin's attack.
The ogre zombie misses you. The water moccasin misses you.
You hit the water moccasin.
The water moccasin suddenly seems more agile.
The water moccasin is lightly wounded.
You feel sick.
The water moccasin completely misses you.
The ogre zombie closely misses you. The ogre zombie completely misses you.
You closely miss the water moccasin.
Your headbutt misses the water moccasin.
The water moccasin is lightly wounded.
You feel sick.
You are no longer poisoned.
The water moccasin bites you. The water moccasin misses you.
You block the ogre zombie's attack.
You hit the ogre zombie. You headbutt the ogre zombie!
The ogre zombie is moderately damaged.
You block the water moccasin's attack. The ogre zombie misses you.
The water moccasin bites you but does no damage.
You sock the ogre zombie! You burn the ogre zombie.
The ogre zombie is heavily damaged.
The water moccasin bites you.
The ogre zombie hits you with a +0 giant club of venom!
The water moccasin bites you but does no damage.
The ogre zombie hits you with a +0 giant club of venom!
* * * LOW HITPOINT WARNING * * *
It was a potion of attraction.
You feel attractive to monsters. You block the water moccasin's attack.
The ogre zombie misses you.
It was a potion of might.
You feel very mighty all of a sudden. The water moccasin closely misses you.
The ogre zombie hits you with a +0 giant club of venom!!
You die...

).....######......##.##.####.....
###...# #.#.##.##.##......).<.
#...# #.#.......#######.##..
#...########..#.##########.##..
#...##°°.°○########........###.
###...##°☼☼°○#○○○○°.#........###.
.......#°☼°°°#.°°○.○#............
.......#)$°○°☼.#Z#○○#.......#####
......©#©[°°°○ZS@©°○#©......# #.
###....#?[○☼°°.#Z#○○#.......# #.
##..[..#°°☼○°#.°°☼.○#.......# #.
#.#.).##.°°○.#°°°°°.############.
##.....#○°°°°######## #.......##.
##...########.#..# #.##.......
#...# #....#####.##.##.###
###...### ####..........##.#
#.......# #######.#####.#


You could see a water moccasin (agile) and 3 ogre zombies.

Vanquished Creatures
  A shining eye (shapeshifter) (D:7)
  A yak (D:5)
  A steam dragon (D:7)
  5 water moccasins
  A sky beast (D:7)
  A black bear (D:5)
  3 ice beasts (D:7)
  An ogre (D:6)
  2 centaurs
  2 phantoms
  2 bullfrogs
  4 scorpions
  7 wights
  3 howler monkeys
  A jelly (D:5)
  2 gnoll boudas
  An orc priest (D:6)
  3 hounds
  2 sleepcaps (D:5)
  Crazy Yiuf (D:3)
  Ijyb (D:4)
  5 iguanas
  2 orc wizards (D:7)
  3 adders
  12 gnolls
  A shadow imp (D:6)
  A white imp (D:7)
  3 ufetubi (D:5)
  2 worms
  3 dart slugs
  12 orcs
  5 endoplasms
  5 giant cockroaches
  9 hobgoblins
  6 jackals (D:3)
  5 quokkas
  9 ball pythons
  6 bats
  2 frilled lizards
  2 goblins
  10 kobolds
  3 rats (D:3)
151 creatures vanquished.

Notes
Turn   | Place    | Note
-------+----------+-------------------------------------------
     0 | D:1      | IdlyInterested the Demonspawn Gladiator began the quest for
                  | the Orb.
     0 | D:1      | Reached XP level 1. HP: 16/16 MP: 1/1
   255 | D:1      | Gained mutation: You have a pair of small horns on your
                  | head. [demonic ancestry]
   255 | D:1      | Reached XP level 2. HP: 23/23 MP: 2/2
   277 | D:1      | Found a faded altar of an unknown god.
   342 | D:1      | Reached skill level 1 in Stealth
   466 | D:1      | Reached skill level 3 in Fighting
   744 | D:2      | Reached XP level 3. HP: 27/29 MP: 3/3
  1362 | D:3      | Reached skill level 1 in Armour
  1415 | D:3      | Reached XP level 4. HP: 37/37 MP: 4/4
  1441 | D:3      | Reached skill level 1 in Evocations
  1593 | D:3      | Reached skill level 4 in Fighting
  1941 | D:3      | Found a runed translucent door.
  1942 | D:3      | Noticed Crazy Yiuf
  1951 | D:3      | Killed Crazy Yiuf
  2081 | D:4      | Gained mutation: You are partially covered in rugged brown
                  | scales. (AC +1, +3% HP) [demonic ancestry]
  2081 | D:4      | Reached XP level 5. HP: 38/44 MP: 5/5
  2283 | D:4      | Noticed Ijyb
  2296 | D:4      | Killed Ijyb
  2339 | D:4      | Reached skill level 5 in Fighting
  2458 | D:4      | Reached XP level 6. HP: 24/52 MP: 6/6
  2581 | D:4      | Found a staircase to the Ecumenical Temple.
  2587 | Temple   | Entered the Ecumenical Temple
  2964 | D:5      | Entered Level 5 of the Dungeon
  3045 | D:5      | Reached skill level 6 in Fighting
  3200 | D:5      | Gained mutation: You have a pair of horns on your head.
                  | [demonic ancestry]
  3200 | D:5      | Reached XP level 7. HP: 58/60 MP: 7/7
  3255 | D:5      | Found a stormy altar of Qazlal.
  3476 | D:5      | Reached skill level 7 in Fighting
  3581 | D:5      | Noticed a yak
  3598 | D:5      | Killed a yak
  3763 | D:5      | Reached skill level 8 in Fighting
  3763 | D:5      | Gained mutation: You are mostly covered in rugged brown
                  | scales. (AC +2, +5% HP) [demonic ancestry]
  3763 | D:5      | Reached XP level 8. HP: 63/71 MP: 8/8
  4352 | D:6      | Found Zin's Purification Station.
  4358 | D:6      | Bought a potion of curing for 90 gold pieces
  4377 | D:6      | Reached skill level 9 in Fighting
  4939 | D:7      | Found a transporter.
  5005 | D:7      | a howler monkey changed into a glowing shapeshifter
  5005 | D:7      | Noticed a glowing shapeshifter (glowing shapeshifter)
  5005 | D:7      | a glowing shapeshifter changed into a death drake
  5005 | D:7      | Noticed a death drake (glowing shapeshifter)
  5005 | D:7      | a death drake changed into a cyclops
  5005 | D:7      | Noticed a cyclops (glowing shapeshifter)
  5010 | D:7      | a cyclops changed into an elephant
  5010 | D:7      | Noticed an elephant (glowing shapeshifter)
  5011 | D:7      | an elephant changed into a shining eye
  5011 | D:7      | Noticed a shining eye (glowing shapeshifter)
  5012 | D:7      | Gained mutation: You are clumsy. (Dex -2) [a shining eye]
  5013 | D:7      | Gained mutation: Your body sometimes deteriorates upon
                  | taking damage. [a shining eye]
  5018 | D:7      | Killed a shining eye
  5019 | D:7      | Reached skill level 10 in Fighting
  5019 | D:7      | Reached skill level 5 in Armour
  5019 | D:7      | Gained mutation: You have a pair of large horns on your
                  | head. [demonic ancestry]
  5019 | D:7      | Reached XP level 9. HP: 66/82 MP: 9/9
  5137 | D:7      | Found a shimmering blue altar of Sif Muna.
  5158 | D:7      | Found a transporter.
  5196 | D:7      | Reached skill level 11 in Fighting
  5580 | D:7      | Reached skill level 12 in Fighting
  5705 | D:7      | Found a hide-covered altar of Uskayaw.
  5745 | D:7      | Found an ornate altar of the Wu Jian Council.
  6095 | D:7      | Slain by an ogre zombie

Illustrated notes

Levels and vault maps discovered:
D:1:      eino_arrival_druids_welcome, layout_basic, basic_ecumenical_altar
D:2:      layout_basic
D:3:      layout_loops_ring, uniq_crazy_yiuf_cottage
D:4:      layout_basic, minmay_temple_entry_enclosed_plants, uniq_ijyb
D:5:      minmay_polygon_palace, layout_rooms, grunt_qazlal_clouds
D:6:      layout_rooms, zin_purify, serial_corexii_hall,
          chequers_hall_statues_wall_a, corexii_hall_statues_i,
          chequers_hall_statues_wall_a, corexii_hall_statues_i
D:7:      gammafunk_cloud_chamber, layout_loops_cross,
          mainiacjoe_overflow_catch_the_wave, tgw_sif, grunt_ministairs_7
Temple:   hellmonk_temple_of_storms

Skill      XL: |  1  2  3  4  5  6  7  8  9 |
---------------+----------------------------+-----
Stealth        | 1 |  1.0
Fighting       | 3 4 5 6 8 10 12 | 12.4
Armour         | 1 2 4 5 |  5.0
Evocations     | 1 |  1.0
Dodging        | 3 4 |  4.5
Throwing       | |  1.7
Unarmed Combat | |  2.6

Action                     |  1- 3 |  4- 6 |  7- 9 || total
---------------------------+-------+-------+-------++-------
  Melee: Unarmed           |    91 |     2 |       ||    93
         Punch             |     5 |       |       ||     5
         Headbutt          |    21 |    23 |    55 ||    99
         Whip              |    25 |    47 |       ||    72
         Dagger            |     8 |     7 |       ||    15
         Quarterstaff      |       |    62 |   254 ||   316
  Throw: Throwing net      |     1 |     1 |       ||     2
         Stone             |     1 |     8 |    14 ||    23
         Dart              |       |       |     2 ||     2
    Use: Potion            |       |       |     2 ||     2
   Stab: Sleeping          |     2 |       |     1 ||     3
         Paralysed         |       |       |     1 ||     1
 Armour: Leather armour    |    50 |    33 |   173 ||   256
         Scale mail        |    20 |    32 |       ||    52
         Skin              |       |     1 |       ||     1
  Dodge: Dodged            |    65 |    66 |   179 ||   310
  Block: Other             |    20 |    27 |    73 ||   120
         Reflection        |       |       |     2 ||     2

Table legend: (Time is in decaauts)
 A = Elapsed time spent in this place.
 B = Non-inter-level travel time spent in this place.
 C = Inter-level travel time spent in this place.
 D = Time resting spent in this place.
 E = Time spent auto-exploring this place.
 F = Levels seen in this place.
 G = Mean time per level.
                   A        B        C        D        E       F      G
               +--------+--------+--------+--------+--------+-----+--------+
         Total |   6190 |   5445 |    745 |    570 |   3078 |   8 |  773.8 |
       Dungeon |   6188 |   5443 |    745 |    570 |   3078 |   7 |  884.0 |
        Temple |      1 |      1 |      0 |      0 |      0 |   1 |    1.0 |
               +--------+--------+--------+--------+--------+-----+--------+

Top non-repeatable levels by time:
     D:5: 1218 daAuts
     D:7: 1143 daAuts
     D:4: 935 daAuts
     D:3: 845 daAuts
     D:6: 736 daAuts
     D:1: 732 daAuts
     D:2: 578 daAuts
  Temple: 1 daAuts
